 Dungeon Crawl Stone Soup version 0.28-a0-750-g7c675f85b1 (webtiles) character file.

Game seed: 6774327794325367834

144 bande the Covered (level 5, -1/33 HPs)
             Began as a Gargoyle Fighter on Oct 30, 2021.
             Slain by a gnoll (4 damage)
             ... on level 2 of the Dungeon.
             The game lasted 00:02:11 (1184 turns).

bande the Covered (Gargoyle Fighter)                Turns: 1184, Time: 00:02:12

Health: -1/33      AC: 13    Str: 21    XL:     5   Next: 27%
Magic:  5/5        EV:  7    Int:  8    God:
Gold:   43         SH:  4    Dex:  9    Spells: 4/4 levels left

rFire   . . .      SeeInvis .   a - +0 war axe
rCold   + . .      Faith    .   c - +0 buckler
rNeg    + . .      Spirit   .   e - +0 chain mail
rPois   ∞          Reflect  .   (no helmet)
rElec   +          Harm     .   (no cloak)
rCorr   .          Rampage  .   (no gloves)
Will    .....                   (no boots)
Stlth   ..........              (no amulet)
HPRegen 0.11/turn               b - ring of protection from cold
MPRegen 0.09/turn               (no ring)

@: no status effects
A: sickness immunity, AC +4, negative energy resistance 1, electricity
resistance, torment resistance 1, petrification resistance
a: no special abilities


You were on level 2 of the Dungeon.
You visited 1 branch of the dungeon, and saw 2 of its levels.

You collected 43 gold pieces.

Inventory:

Hand Weapons
 a - a +0 war axe (weapon)
Armour
 c - a +0 buckler (worn)
 e - a +0 chain mail (worn)
Jewellery
 b - a ring of protection from cold (left hand)
Scrolls
 f - a scroll of teleportation {unknown}
 g - a scroll of noise {unknown}
Potions
 d - a potion of might


   Skills:
 + Level 4.1 Fighting
 + Level 3.4 Axes
 + Level 4.1 Armour
 + Level 3.8 Shields


You had 4 spell levels left.
You didn't know any spells.
Your spell library contained the following spells:

 Spells                   Type           Power      Damage    Failure   Level
 Summon Forest            Summ/Tloc      0%         N/A       100%        5
 Eringya's Noxious Bog    Tmut/Pois      0%         N/A       100%        6
 Summon Hydra             Summ           0%         N/A       100%        7


Dungeon Overview and Level Annotations

Branches:
Dungeon (2/15)

Altars:

Shops:
D:2 ((?


Innate Abilities, Weirdness & Mutations

You are immune to sickness and miasma.
Your stone body is resilient. (AC +4)
You are immune to poison.
You resist negative energy. (rN+)
You are resistant to electric shocks. (rElec)
You are resistant to unholy torment.
You are immune to petrification.


Message History

The quokka twitches its whiskers.
You block the quokka's attack. The gnoll hits you but does no damage.
The gnoll hits you with a +0 club. The quokka bites you.
Unknown command.
You closely miss the quokka.
Your chain mail prevents you from hitting the gnoll.
You block the quokka's attack. The gnoll hits you but does no damage.
The quokka barely misses you. The gnoll closely misses you.
You hit the quokka.
The quokka is almost dead.
You hit the gnoll.
The quokka bites you but does no damage.
You block the gnoll's attack.
The quokka bites you but does no damage.
The gnoll closely misses you. You block the quokka's attack.
You slash the quokka!
You kill the quokka!
You hit the gnoll. The gnoll hits you with a +0 club.
The gnoll hits you but does no damage.
Unknown command.
You slash the gnoll!
You kill the gnoll!
You slash the gnoll!
You kill the gnoll!
You barely miss the gnoll. You block the gnoll's attack.
The gnoll hits you with a +0 flail. The gnoll barely misses you.
You slash the gnoll!
The gnoll is severely wounded.
You closely miss the gnoll. The gnoll barely misses you.
The gnoll hits you with a +0 flail. The gnoll hits you but does no damage.
The gnoll hits you with a +0 flail.
Unknown command.
You barely miss the gnoll.
The gnoll is severely wounded.
Your chain mail prevents you from hitting the gnoll.
You feel yourself speed up. The gnoll hits you but does no damage.
The gnoll hits you with a +0 flail!
* * * LOW HITPOINT WARNING * * *
The gnoll closely misses you. The gnoll hits you with a +0 flail.
You die...

#####....#.....#
.........#....(#(...#
##########.....#....#
. ##.....#....#.g
#....#.+......#
#####.####.#.....
#...#......#l.. #
#.#.####.#.#g####...#
#.#...#....g@).......
#...#.#.†#.#.####...#
##....#..#.#.# #
#.......#...#
#...##.##.###
#...........#
#....####.#.#
#...........#
#.#...#######


You could see 2 gnolls and a frilled lizard.

Vanquished Creatures
  Natasha (thrice) (D:2)
  2 gnolls (D:2)
  2 adders (D:2)
  A dart slug (D:1)
  3 bats
  3 endoplasms (D:1)
  A giant cockroach (D:2)
  3 goblins (D:1)
  3 hobgoblins
  4 quokkas
  3 ball pythons
  A frilled lizard (D:1)
  2 kobolds (D:1)
  6 rats
37 creatures vanquished.

Notes
Turn   | Place    | Note
-------+----------+-------------------------------------------
     0 | D:1      | bande the Gargoyle Fighter began the quest for the Orb.
     0 | D:1      | Reached XP level 1. HP: 14/14 MP: 1/1
   329 | D:1      | Reached XP level 2. HP: 14/19 MP: 2/2
   689 | D:1      | Reached XP level 3. HP: 24/24 MP: 3/3
   858 | D:2      | Noticed Natasha
   866 | D:2      | Killed Natasha
   867 | D:2      | Reached XP level 4. HP: 27/29 MP: 4/4
   875 | D:2      | Noticed Natasha
   887 | D:2      | Killed Natasha
  1009 | D:2      | Found a faded altar of an unknown god.
  1061 | D:2      | Found Xivi's Antique Weapon Shoppe.
  1065 | D:2      | Found Caluu's Weapon Boutique.
  1091 | D:2      | Found Roggaf's Magic Scroll Emporium.
  1160 | D:2      | Noticed Natasha
  1168 | D:2      | Killed Natasha
  1178 | D:2      | Reached XP level 5. HP: 19/33 MP: 5/5
  1184 | D:2      | Slain by a gnoll

Illustrated notes

Levels and vault maps discovered:
D:1:      psy_arrival_statuary, layout_rooms, serial_bayou_pond_e,
          hangedman_decor_slide_cut
D:2:      layout_basic, serial_shops, shop, nicolae_shop_trees,
          nicolae_shop_overgrown_old_shop, shop_statue, nicolae_diamond_shop,
          shapermc_ecumenical_altar_mp_highgroup, chequers_mini_garden,
          uniq_natasha

Skill      XL: |  1  2  3  4 |
---------------+-------------+-----
Axes           | 2 3 |  3.4
Armour         | 4 |  4.1
Fighting       | 4 |  4.1
Shields        | |  3.8

Action                   |  1- 3 |  4- 6 || total
-------------------------+-------+-------++-------
Melee: War axe           |    65 |    29 ||    94
Armor: Chain mail        |    45 |    44 ||    89
Dodge: Dodged            |    12 |    21 ||    33
Block: Buckler           |    11 |    17 ||    28

Table legend: (Time is in decaauts)
 A = Elapsed time spent in this place.
 B = Non-inter-level travel time spent in this place.
 C = Inter-level travel time spent in this place.
 D = Time resting spent in this place.
 E = Time spent auto-exploring this place.
 F = Levels seen in this place.
 G = Mean time per level.
                   A        B        C        D        E       F      G
               +--------+--------+--------+--------+--------+-----+--------+
         Total |   1253 |   1253 |      0 |      0 |    960 |   2 |  626.5 |
       Dungeon |   1253 |   1253 |      0 |      0 |    960 |   2 |  626.5 |
               +--------+--------+--------+--------+--------+-----+--------+

Top non-repeatable levels by time:
     D:1: 809 daAuts
     D:2: 444 daAuts
